Unix NetHack Version 5.0.0-0 post-release - last build May 23 2026 06:08:33 (1c0ff79ee797540d5714e4e18072db0edd9e58ae,branch:main).

Game began 2026-05-29 04:04:35, ended 2026-05-29 04:13:06.

Brudee, neutral female human Tourist

   --------                                                           #
   |(!.!m.|                                                    ---------
   |[m?m@@-#                                                   |.......|
   |[?.[.f|#           ------------                            |.......|
   |)/%m.*|#           |..........-###################      ###+.......|
   |%(%%..|#          #-..........|                  ########  |.......|
   --------#          #|.........`|                        ####........|
           #          #--.---------               ------   #   ------+--
           #          #  ###########             #.....|####      #  ###
           #  --------#            #             #|.....#              #
           #  |......|#            ###           #....<|               #
           #  |......|#              #           #|....|         ------.-
           #  |......|#       -------|------ #####--.---         |......|
           ###....----#       |............| #  ##  #            |......|
              |...|####       |.....>......-#####                |......|
              |....#          |{...........|                     --------
              -----           --------------
                                      #

Brudee the Sightseer        St:15 Dx:9 Co:16 In:12 Wi:7 Ch:16  Neutral S:412
Dlvl:5  $:0  HP:0(26) Pw:9(9) AC:9  Xp:3/48 T:1309  Hungry   Burdened

Latest messages:
 This door is locked.
 Unlock it with your credit card? [ynq] (q) y
 You succeed in picking the lock.
 The door opens.
 You slip on the ice.
 You make a lot of noise!
 You slip off the ice.
 You make a lot of noise!
 You are beginning to feel hungry.
 Ouch!  You bump into a door.
 The door resists!
 The door opens.
 "Aloha, Brudee!  Welcome to Chicoutimi's general store!"
 You see here a scroll labeled THARR (for sale, 67 zorkmids).
 Sparky picks up a scroll labeled VAS CORP BET MANI.
 Sparky eats a tripe ration.
 "For you, good lady; only 67 zorkmids for this scroll labeled THARR."
 You have a little trouble lifting K - a scroll labeled THARR (unpaid, 67 zorkmids).
 There is nothing here to pick up.
 You see here an effervescent potion (for sale, 133 zorkmids).
 Sparky drops a scroll labeled VAS CORP BET MANI.
 Sparky eats a tripe ration.
 You see here a pair of jackboots (for sale, 12 zorkmids).
 You see here a scroll labeled EIRIS SAZUN IDISI (for sale, 60 zorkmids).
 "For you, honored lady; only 60 zorkmids for this scroll labeled EIRIS SAZUN IDISI."
 You have a little trouble lifting L - a scroll labeled EIRIS SAZUN IDISI (unpaid, 60 zorkmids).
 You see here a milky potion (for sale, 267 zorkmids).
 "For you, most gracious lady; only 267 zorkmids for this milky potion."
 You have a little trouble lifting M - a milky potion (unpaid, 267 zorkmids).
 Sparky picks up a green gem.
 Those gold pieces are a small mimic!
 Sparky drops a green gem.
 You see here a pair of jackboots (for sale, 12 zorkmids).
 That scroll labeled VAS CORP BET MANI is a small mimic!
 What do you want to zap? [xBJ or ?*] ?
 In what direction? h
 The small mimic seems to be moving slower.
 The small mimic hits!
 The small mimic hits!
 What do you want to zap? [xBJ or ?*] <space>
 Never mind.
 What do you want to zap? [xBJ or ?*] ?
 You reveal 2 hidden monsters!
 You hit the small mimic.
 The small mimic hits!
 The small mimic hits!
 You die...
 Chicoutimi takes all your possessions.
 Do you want to see what you had when you died? [ynq] (y) y
 Do you want to see your attributes? [ynq] (y) q

Inventory:
 Weapons  (')')
  a - 31 +2 darts (at the ready)
  o - 5 +0 darts
  v - a cursed +0 mace
 Armor    ('[')
  F - an uncursed +0 orcish helm (being worn)
  k - an uncursed +0 Hawaiian shirt with a parrot motif (being worn)
  r - a cursed -4 plate mail
 Comestibles  ('%')
  H - an uncursed apple
  g - an uncursed cram ration
  h - 6 uncursed food rations
  c - 2 uncursed fortune cookies
  d - an uncursed melon
  b - 3 uncursed tripe rations
  e - 2 uncursed tins of pickled newt meat
  f - an uncursed tin of szechuan kobold meat
 Scrolls  ('?')
  A - an uncursed scroll of create monster
  L - an uncursed scroll of enchant weapon
  K - an uncursed scroll of light
 Potions  ('!')
  C - an uncursed potion of healing
  M - a cursed potion of levitation
  G - an uncursed potion of paralysis
 Rings    ('=')
  D - an uncursed +2 ring of increase damage
 Wands    ('/')
  x - a wand of light (0:11)
  J - a wand of secret door detection (0:13)
  B - a wand of slow monster (0:7)
 Tools    ('(')
  y - an uncursed sack containing 6 items
  I - an uncursed blindfold
  m - an uncursed credit card
  l - an expensive camera (0:48)
  n - an uncursed tin opener (wielded)
 Gems/Stones  ('*')
  w - an uncursed worthless piece of violet glass

Contents of the sack:
  an uncursed scroll of blank paper
  an uncursed scroll of enchant weapon
  a cursed scroll of gold detection
  an uncursed scroll of identify
  a blessed potion of booze
  an uncursed potion of extra healing

Brudee the Tourist's attributes:

Background:
 You were a Sightseer, a level 3 female human Tourist.
 You were neutral, nominally on a mission for The Lady
 who was opposed by Blind Io (lawful) and Offler (chaotic).
 You were right-handed.
 You were in the Dungeons of Doom, on level 5.
 You entered the dungeon 1309 turns ago.
 It was nighttime.
 You had 48 experience points, 32 more were needed to attain level 4.
 Your score was 412 before end-of-game adjustments.

Basics:
 You had 0 out of 26 hit points.
 You had all 9 energy points (spell power).
 Your armor class was 9.
 Your wallet was empty.
 Autopickup was on, but temporarily disabled while inside the shop.

Final Characteristics:
 Your strength was 15 (limit:18/100).
 Your dexterity was 9 (limit:18).
 Your constitution was 16 (limit:18).
 Your intelligence was 12 (limit:18).
 Your wisdom was 7 (limit:18).
 Your charisma was 16 (limit:18).

Final Status:
 You were hungry.
 You were burdened; movement was slightly slowed.
 You were wielding a tin opener.

Final Attributes:
 You were devoutly aligned.
 You are dead.

Miscellaneous:
 You didn't encounter any bones levels.
 Total elapsed playing time was 8 minutes and 30 seconds.

Major events:
 Turn
    1: Brudee the neutral female human Tourist entered the dungeon
 1083: attained the rank of Sightseer (level 3)
 1309: killed by a small mimic

You didn't know any spells.

Skills:
 Fighting Skills
   bare handed combat [Unskilled]
   two weapon combat  [Unskilled]
   riding             [Unskilled]
 Weapon Skills
   dagger             [Unskilled]
   knife              [Unskilled]
   axe                [Unskilled]
   pick-axe           [Unskilled]
   short sword        [Unskilled]
   broadsword         [Unskilled]
   long sword         [Unskilled]
   two-handed sword   [Unskilled]
   saber              [Unskilled]
   mace               [Unskilled]
   morning star       [Unskilled]
   flail              [Unskilled]
   hammer             [Unskilled]
   quarterstaff       [Unskilled]
   polearms           [Unskilled]
   spear              [Unskilled]
   trident            [Unskilled]
   lance              [Unskilled]
   bow                [Unskilled]
   sling              [Unskilled]
   crossbow           [Unskilled]
   dart               [Basic]
   shuriken           [Unskilled]
   boomerang          [Unskilled]
   whip               [Unskilled]
   unicorn horn       [Unskilled]
 Spellcasting Skills
   divination spells  [Unskilled]
   enchantment spells [Unskilled]
   escape spells      [Unskilled]

Voluntary challenges:
 Character rerolling was not enabled.
 You were an atheist.
 You never hit with a wielded weapon.
 You never genocided any monsters.
 You never polymorphed an object.
 You never changed form.
 You used no wishes.
Achievements:
 You attained the rank of Sightseer.
 You entered a shop.

 The Dungeons of Doom: levels 1 to 5
    Level 1:
    Level 2:
    Level 3:
    Level 4:
    Level 5: <- You were here.
       A general store, a fountain.
       Final resting place for
          you, killed by a small mimic.


Vanquished creatures:
  2 hobbits
  a manes
  a green mold
  a gnome zombie
  4 jackals
  a kobold
  2 goblins
  3 sewer rats
  a grid bug
  2 lichens
  a kobold zombie
  4 newts
23 creatures vanquished.

No species were genocided or became extinct.

Game over:
                       ----------
                      /          \
                     /    REST    \
                    /      IN      \
                   /     PEACE      \
                  /                  \
                  |      Brudee      |
                  |       0 Au       |
                  |   killed by a    |
                  |   small mimic    |
                  |                  |
                  |                  |
                  |       2026       |
                 *|     *  *  *      | *
        _________)/\\_//(\/(/\)/\//\/|_)_______

Aloha Brudee the Tourist...

You died in The Dungeons of Doom on dungeon level 5 with 412 points,
and 0 pieces of gold, after 1309 moves.
You were level 3 with a maximum of 26 hit points when you died.

